 Dungeon Crawl Stone Soup version 0.32-a0-953-g508020473e (webtiles) character file.

Game seed: 13940091586366145565

3 wildpjah the Conjurer (level 1, -1/10 HPs)
             Began as a Deep Elf Conjurer on Apr 16, 2024.
             Killed from afar by a dart slug (4 damage)
             ... with a slug dart
             ... on level 1 of the Dungeon.
             The game lasted 00:00:25 (108 turns).

wildpjah the Conjurer (Deep Elf Conjurer)            Turns: 108, Time: 00:00:26

Health: -1/10      AC:  2    Str:  4    XL:     1   Next: 41%
Magic:  6/6        EV: 11    Int: 22    God:
Gold:   19         SH:  0    Dex: 13    Spells: 5/6 levels left

rFire   . . .        f - +0 rapier
rCold   . . .        (no shield)
rNeg    . . .        a - +0 robe
rPois   .            (no helmet)
rElec   .            (no cloak)
rCorr   .            (no gloves)
SInv    .            (no boots)
Will    .....        (no amulet)
Stlth   ++           (no ring)
HPRegen 0.21/turn    (no ring)
MPRegen 0.10/turn

%: no passive effects
@: no status effects
A: no striking features
a: no special abilities


You were on level 1 of the Dungeon.
You visited 1 branch of the dungeon, and saw 1 of its levels.

You collected 19 gold pieces.

Inventory:

Hand Weapons
 d - a +0 hand axe
 f - a +0 rapier (weapon)
Missiles
 e - 3 poisoned darts
Armour
 a - a +0 robe (worn)
Scrolls
 c - a scroll of identify {unknown}
Potions
 b - a potion of magic


   Skills:
 + Level 2.4 Dodging
 + Level 2.5 Stealth
 + Level 3.0 Spellcasting
 + Level 4.5 Conjurations


You had 5 spell levels left.
You knew the following spells:

 Your Spells              Type           Power      Damage    Failure   Level
a - Magic Dart            Conj           92%        1d7       1%          1

Your spell library contained the following spells:

 Spells                   Type           Power      Damage    Failure   Level
 Searing Ray              Conj           46%        2d6       3%          2
 Sandblast                Erth           6%         2d5       12%         1
 Stone Arrow              Conj/Erth      26%        3d8       14%         3
 Passwall                 Erth           3%         N/A       36%         3
 Fulminant Prism          Conj/Alch      6%         3d6       43%         4
 Iskenderun's Mystic Bla Conj/Tloc 13%            2d5        (+2d2     43%         4


Dungeon Overview and Level Annotations

Branches:
Dungeon (1/15)

Altars:


Message History

Found a stone staircase leading down.
The rat moves out of view.
f - a +0 rapier (weapon)
A rat and a bat come into view.
Found a robe.
You closely miss the rat. The rat barely misses you.
You hit the rat.
You kill the rat!
You see here a rat corpse.
The bat closely misses you.
You closely miss the bat. The bat barely misses you. The bat barely misses you.
You closely miss the bat. The bat hits you but does no damage.
The bat hits you. The bat hits you. The bat hits you but does no damage.
You miss the bat. The bat hits you but does no damage. The bat hits you.
You hit the bat.
You kill the bat!
No target in view!
No target in view!
No target in view!
HP restored.
A hobgoblin comes into view.
Found 5 stones.
The hobgoblin shouts!
A dart slug comes into view.
The hobgoblin closely misses you. The dart slug launches a dart at you.
The slug dart misses you.
You hit the hobgoblin.
The hobgoblin is heavily wounded.
The hobgoblin hits you.
You hit the hobgoblin.
You kill the hobgoblin!
The dart slug launches a dart at you. The slug dart hits you.
* * * LOW HITPOINT WARNING * * *
You are too injured to fight recklessly!
The dart slug launches a dart at you. The slug dart hits you.
You die...

..# ..# ..# ###### #?# #....#
#.# #..... #.# #....###.###.#
#............#
#.(.@###.##..... #..w.# #.#
#.#.. #....# #.# #...
#....###.###..#
#######...##..# ####........#
###########....#...##.######..
#...........###...............
#..[.....†#.....#.............


You could see a dart slug.

Vanquished Creatures
  A bat (D:1)
  A hobgoblin (D:1)
  A rat (D:1)
3 creatures vanquished.

Notes
Turn   | Place    | Note
-------+----------+-------------------------------------------
     0 | D:1      | wildpjah the Deep Elf Conjurer began the quest for the Orb.
     0 | D:1      | Reached XP level 1. HP: 10/10 MP: 6/6
   108 | D:1      | Killed from afar by a dart slug

Illustrated notes

Levels and vault maps discovered:
D:1:      sevenhm_arrival_forest_fort_small_4, layout_rooms,
          corexii_hall_statues_l, hangedman_abyss_or_decor_stabs

Action                     || total
---------------------------++-------
  Melee: Rapier            ||     8
 Armour: Robe              ||     9
  Dodge: Dodged            ||     6

Table legend: (Time is in decaauts)
 A = Elapsed time spent in this place.
 B = Non-inter-level travel time spent in this place.
 C = Inter-level travel time spent in this place.
 D = Time resting spent in this place.
 E = Time spent auto-exploring this place.
 F = Levels seen in this place.
 G = Mean time per level.
                   A        B        C        D        E       F      G
               +--------+--------+--------+--------+--------+-----+--------+
         Total |    111 |    111 |      0 |      0 |     63 |   1 |  111.0 |
       Dungeon |    111 |    111 |      0 |      0 |     63 |   1 |  111.0 |
               +--------+--------+--------+--------+--------+-----+--------+

Top non-repeatable levels by time:
     D:1: 111 daAuts
